 Dungeon Crawl Stone Soup version 0.30.0-11-gf55b779eaf (webtiles) character file.

Game seed: 590924913629407124

71 hawla the Firebug (level 4, -6/24 HPs)
             Began as a Deep Elf Fire Elementalist on May 16, 2023.
             Killed from afar by Natasha (8 damage)
             ... with a magic dart
             ... on level 2 of the Dungeon.
             The game lasted 00:04:54 (1464 turns).

hawla the Firebug (Deep Elf Fire Elementalist)      Turns: 1464, Time: 00:04:55

Health: -6/24      AC:  2    Str:  5    XL:     4   Next: 5%
Magic:  5/11       EV: 13    Int: 22    God:
Gold:   45         SH:  0    Dex: 15    Spells: 3/10 levels left

rFire   + . .        k - +0 dagger
rCold   + . .        (no shield)
rNeg    . . .        a - +0 robe
rPois   +            (no helmet)
rElec   +            (no cloak)
rCorr   +            (no gloves)
SInv    .            (no boots)
Will    .....        (no amulet)
Stlth   ++           (no ring)
HPRegen 0.24/turn    (no ring)
MPRegen 0.12/turn

%: no passive effects
@: resistant
A: no striking features
a: no special abilities


You were on level 2 of the Dungeon.
You visited 1 branch of the dungeon, and saw 2 of its levels.

You collected 45 gold pieces.

Inventory:

Hand Weapons
 k - a +0 dagger (weapon)
Missiles
 i - 2 poisoned darts (quivered)
Armour
 a - a +0 robe (worn)
Scrolls
 c - a scroll of enchant armour {unknown}
Potions
 b - a potion of haste {unknown}
 d - a potion of mutation {unknown}
 e - a potion of cancellation {unknown}
 h - a potion of lignification {unknown}
 j - a potion of resistance


   Skills:
 - Level 2.8 Dodging
 - Level 2.8 Stealth
 - Level 3.9 Spellcasting
 + Level 1.9 Conjurations
 - Level 4.3 Fire Magic


You had 3 spell levels left.
You knew the following spells:

 Your Spells              Type           Power      Damage    Failure   Level
a - Foxfire               Conj/Fire      72%        2x1d7     3%          1
b - Scorch                Fire           46%        2d6       3%          2
c - Flame Wave            Conj/Fire      18%        2d7       30%         4

Your spell library contained the following spells:

 Spells                   Type           Power      Damage    Failure   Level
 Inner Flame              Hex/Fire       13%        N/A       14%         3
 Volatile Blastmotes      Fire/Tloc      26%        2d12      14%         3


Dungeon Overview and Level Annotations

Branches:
Dungeon (2/15)

Altars:

Annotations:
D:2 Natasha, Robin


Message History

c - a scroll labelled YMUZEDEITA Natasha, Servant of Life and Death comes into view.
Natasha hisses angrily.
Natasha stares at you and mumbles some strange words.
The magic dart hits you!
Natasha is nearby!
Natasha stares at you and mumbles some strange words.
The magic dart hits you!
* * * LOW HITPOINT WARNING * * *
It was a potion of resistance.
You feel protected.
Casting: Foxfire (safe; 3% risk of failure)
Confirm with . or Enter, or press ? or * to list all spells.
You conjure some foxfire!
Natasha mumbles some strange words.
Casting: Foxfire (safe; 3% risk of failure)
Confirm with . or Enter, or press ? or * to list all spells.
You conjure some foxfire!
The foxfire hits Natasha.
Natasha is lightly wounded.
Natasha mumbles some strange words.
Casting: Foxfire (safe; 3% risk of failure)
Confirm with . or Enter, or press ? or * to list all spells.
You conjure some foxfire!
The foxfire hits the cerulean imp but does no damage.
Casting: Foxfire (safe; 3% risk of failure)
Confirm with . or Enter, or press ? or * to list all spells.
You conjure some foxfire!
The foxfire hits the cerulean imp but does no damage.
The cerulean imp barely misses you.
Casting: Foxfire (safe; 3% risk of failure)
Confirm with . or Enter, or press ? or * to list all spells.
Flames lash Natasha.
Natasha is severely wounded.
Natasha's fire resistance burns away.
The foxfire hits the cerulean imp.
The cerulean imp is moderately wounded.
The cerulean imp hits you from afar with a +2 spear.
* * * LOW HITPOINT WARNING * * *
Natasha casts a spell at you. The magic dart hits you!
You die...

***,,,*****,***,*,** *,,,,,*
###
...,,,,,,..,....,,,***,,,,,*
#..
...,,,,,,.....#.,,,,,,,,,,,*
#.#
...,,,,,,,......,*,***,,,,,*
#.# #.#,,,,**,*#.#..,*,*
*,,,,,* #.#
*,#,,,,**,*#....,*,* *******
#.# *,*,,,,**,*#..55,,,* #.#
*,*,,,,**.####.h######## #..
*,,,,,,**......ยง@v.....#
### ***,,,***#############.#
,,,,,,,,,,,,******* #.###
,****,*****,,,,,,,*
#...######## ,****,*
*,,****,* ###.........
,,,,,,* *,,,,**,* ##########
*,***,* *,,*,**,*
**,,,,*****,>,,,,,*
*,**,,,,,,,,,,,,,,*


You could see Natasha (combustible, ally target) and 2 cerulean imps.

Vanquished Creatures
  Natasha (D:2)
  A dart slug (D:1)
  5 ball pythons
  An endoplasm (D:1)
  2 giant cockroaches (D:1)
  8 goblins
  3 hobgoblins
  5 jackals
  2 kobolds
  A quokka (D:1)
  4 bats (D:1)
  A frilled lizard (D:1)
  9 rats
43 creatures vanquished.

Vanquished Creatures (others)
  77 foxfires
77 creatures vanquished.

Grand Total: 120 creatures vanquished

Notes
Turn   | Place    | Note
-------+----------+-------------------------------------------
     0 | D:1      | hawla the Deep Elf Fire Elementalist began the quest for
                  | the Orb.
     0 | D:1      | Reached XP level 1. HP: 10/10 MP: 6/6
   174 | D:1      | Reached XP level 2. HP: 15/15 MP: 6/8
   374 | D:1      | Learned a level 2 spell: Scorch
   601 | D:1      | Reached skill level 4 in Fire Magic
   767 | D:1      | Reached XP level 3. HP: 19/19 MP: 7/10
  1163 | D:2      | Noticed Natasha
  1166 | D:2      | Killed Natasha
  1301 | D:2      | Noticed Robin
  1332 | D:2      | Reached XP level 4. HP: 12/24 MP: 8/11
  1357 | D:1      | Learned a level 4 spell: Flame Wave
  1457 | D:2      | Noticed Natasha
  1464 | D:2      | Killed from afar by Natasha

Illustrated notes

Levels and vault maps discovered:
D:1:      onia_arrival_handbag, layout_loops_ring, serial_bayou_pond_a
D:2:      layout_loops_cross, uniq_natasha, uniq_robin

Skill      XL: |  1  2 |
---------------+-------+-----
Fire Magic     | 4 |  4.3
Dodging        | |  2.8
Stealth        | |  2.8
Spellcasting   | |  3.9
Conjurations   | |  1.9

Action                     |  1- 3 |  4- 6 || total
---------------------------+-------+-------++-------
  Melee: Unarmed           |    10 |       ||    10
         Dagger            |    10 |     2 ||    12
         Punch             |       |     1 ||     1
   Cast: Foxfire           |    43 |     8 ||    51
         Scorch            |    10 |     2 ||    12
    Use: Scroll            |     3 |       ||     3
         Potion            |     2 |     1 ||     3
 Armour: Robe              |     5 |     2 ||     7
  Dodge: Dodged            |    24 |     3 ||    27
